 Dungeon Crawl Stone Soup version 0.23.2-33-g5129a83184 (webtiles) character file.

Game seed: 2720644949024368047

7616 Meegle the Thaumaturge (level 10, -9/52 HPs)
             Began as a Deep Elf Fire Elementalist on July 21, 2019.
             Was a Believer of Vehumet.
             Mangled by an orc warrior
             ... wielding a +0 flail
              (10 damage)
             ... on level 9 of the Dungeon.
             The game lasted 00:39:45 (10963 turns).

Meegle the Thaumaturge (DEFE)                      Turns: 10963, Time: 00:39:46

Health: -9/52      AC:  4    Str:  5    XL:     10   Next: 98%
Magic:  19/37      EV: 15    Int: 24    God:    Vehumet [**....]
Gold:   171        SH:  0    Dex: 15    Spells: 17/33 levels left

rFire    . . .     SeeInvis .   m - +4 dagger
rCold    . . .     Gourm    .   (no shield)
rNeg     . . .     Faith    .   s - +0 leather armour {MR+}
rPois    .         Spirit   .   (no helmet)
rElec    .         Reflect  .   (no cloak)
rCorr    .         Harm     .   D - +0 pair of gloves
MR       ++...                  (no boots)
Stlth    +++.......             (no amulet)
HPRegen  0.17/turn              v - ring of magical power
MPRegen  0.25/turn              (no ring)

@: invisible
A: no striking features
a: Renounce Religion


You were on level 9 of the Dungeon.
You worshipped Vehumet.
Vehumet was pleased with you.
You were hungry.

You visited 2 branches of the dungeon, and saw 10 of its levels.

You collected 461 gold pieces.
You spent 290 gold pieces at shops.

Inventory:

Hand Weapons
 m - a +4 dagger (weapon)
 u - a +2 whip of electrocution
 F - a +1 whip of venom
Missiles
 k - 58 poisoned needles
Armour
 a - a +0 robe
 s - a +0 leather armour of magic resistance (worn)
 D - a +0 pair of gloves (worn)
Jewellery
 h - an uncursed ring of fire
 l - a -4 ring of intelligence
 v - a ring of magical power (left hand)
 y - an uncursed ring of fire
 A - an uncursed amulet of inaccuracy
Wands
 o - a wand of random effects (19)
 t - a wand of iceblast (7)
Scrolls
 b - 10 scrolls of teleportation
 e - 10 scrolls of identify
 f - a scroll of noise {unknown}
 g - 5 scrolls of amnesia {unknown}
 j - 7 scrolls of remove curse
 n - a scroll of enchant weapon {unknown}
 r - a scroll of magic mapping {unknown}
 x - a scroll of fear {unknown}
 B - a scroll of random uselessness {unknown}
Potions
 d - 2 potions of curing
 i - 4 potions of flight
 p - a potion of heal wounds {unknown}
 q - 2 potions of ambrosia
 w - a potion of invisibility
 z - a potion of might {unknown}
 C - a potion of haste {unknown}
 E - 2 potions of lignification
Comestibles
 c - 14 rations
 G - 5 chunks of flesh


   Skills:
 + Level 1.3 Fighting
 + Level 0.3 Short Blades
 * Level 7.2 Dodging
 + Level 4.4 Stealth
 + Level 12.0 Spellcasting
 + Level 9.3 Conjurations
 + Level 10.0 Fire Magic
 * Level 3.6 Evocations


You had 17 spell levels left.
You knew the following spells:

 Your Spells              Type           Power        Failure   Level  Hunger
a - Flame Tongue          Conj/Fire      #####        1%          1    None
b - Throw Flame           Conj/Fire      ######       1%          2    None
c - Conjure Flame         Conj/Fire      ######..     1%          3    None
d - Sticky Flame          Conj/Fire      ######..     1%          4    None
e - Fireball              Conj/Fire      ######....   3%          5    ###....
f - Sting                 Conj/Pois      ####         1%          1    None

Your spell library contained the following spells:

 Spells                   Type           Power        Failure   Level  Hunger
 Inner Flame              Hex/Fire       #####...     2%          3    None


Dungeon Overview and Level Annotations

Branches:
Dungeon (9/15)             Temple (1/1) D:5
   Lair: D:8-11         Orc: D:9-12

Altars:
Ashenzari
Cheibriados
Dithmenos
Elyvilon
Fedhas
Gozag
Hepliaklqana
Kikubaaqudgha
Makhleb
Nemelex Xobeh
Okawaru
Qazlal
Ru
Sif Muna
Trog
Uskayaw
Vehumet
Xom
Yredelemnul
The Shining One

Shops:
D:6 }*!?

Annotations:
D:3 1 runed translucent door, Crazy Yiuf
D:8 2 transporters, Joseph
D:9 Harold, Maurice


Message History

Casting: Conjure Flame (safe; 1% risk of failure)
Confirm with . or Enter, or press ? or * to list all spells.
Aiming: Sticky Flame (safe; 1% risk of failure)
Press: ? - help, Shift-Dir - straight line, f - two-headed ogre
Aim: a two-headed ogre, wielding a +0 giant club and a +0 giant spiked club (flame)
The sticky flame hits the two-headed ogre.
The two-headed ogre is lightly wounded.
The two-headed ogre is covered in liquid flames!
The two-headed ogre burns!
The orc warrior hits you with a +0 flail.
The two-headed ogre is engulfed in blazing flames.
The two-headed ogre hits you with a +0 giant club!!
Ouch! That really hurt!
* * * LOW HITPOINT WARNING * * *
The two-headed ogre hits you with a +0 giant spiked club.
* * * LOW HITPOINT WARNING * * *
You fade into invisibility!
The two-headed ogre burns!
The orc warrior hits you with a +0 flail!
You die...

#.#
#.###.##.....#####.####
#.#
#......@....######.#
#.#
#####.#####........#
#†# #.# #.########
#.#######.# #.#
#....@..@.# #.#
##..######## #@#
#....P.### #o#
..P.P....## #@#
..PP.....P# #O#
P.P..P..P.## #.#
P..P...P...# #.#
P.##+#@...P## ... .P
#......# ... ..
#..P...# ...
..####...P..# ##.##
..P..P.P..).#


You could see Harold, a two-headed ogre (burning) and an orc warrior.

Vanquished Creatures
  Erica (D:9)
  Pikel (D:5)
  Psyche (D:8)
  A hippogriff (D:8)
  Prince Ribbit (D:8)
  7 yaks
  Eustachio (D:5)
  A hungry ghost (D:7)
  Grum (D:8)
  Menkaure (D:5)
  Edmund (D:4)
  Duvessa (D:4)
  2 orc warriors
  A sky beast (D:7)
  A slave (D:4)
  2 black bears
  3 phantoms
  An ice beast (D:3)
  9 ogres
  3 wolves (D:8)
  A necrophage (D:7)
  6 centaurs
  A big kobold (D:8)
  5 bullfrogs
  Dowan (D:4)
  A gnoll sergeant (D:9)
  A wyvern skeleton (D:8)
  A bullfrog zombie (D:8)
  2 crimson imps
  4 hounds
  5 jellies
  2 orc wizards
  2 orc priests
  Ijyb (D:5)
  2 bullfrog skeletons
  2 centaur skeletons (D:8)
  2 iguanas
  A worker ant (D:7)
  A killer bee zombie (D:5)
  A hound zombie (D:5)
  A howler monkey zombie (D:7)
  A worker ant zombie (D:8)
  12 adders
  A howler monkey skeleton (D:5)
  15 gnolls
  A shadow imp (D:8)
  An ooze (D:4)
  2 adder zombies
  An adder skeleton (D:7)
  A worm (D:3)
  A dart slug (D:2)
  4 leopard geckos
  20 orcs
  3 ball pythons
  4 bats
  4 giant cockroaches
  5 goblins
  9 hobgoblins
  13 jackals
  10 kobolds
  8 quokkas
  12 frilled lizards
  A jackal skeleton (D:7)
  A leopard gecko skeleton (D:4)
  13 rats
226 creatures vanquished.

Vanquished Creatures (others)
  2 crimson imps (D:5)
  A worker ant (D:5)
  An adder (D:5)
  A howler monkey skeleton (D:5)
  An orc (D:5)
  A frilled lizard (D:5)
  A fungus (D:3)
  2 plants (D:9)
10 creatures vanquished.

Grand Total: 236 creatures vanquished

Notes
Turn   | Place    | Note
-------+----------+-------------------------------------------
     0 | D:1      | Meegle the Deep Elf Fire Elementalist began the quest for
                  | the Orb.
     0 | D:1      | Reached XP level 1. HP: 10/10 MP: 6/6
   366 | D:1      | Reached XP level 2. HP: 14/15 MP: 4/8
   402 | D:1      | Learned a level 2 spell: Throw Flame
  1085 | D:2      | Reached XP level 3. HP: 18/19 MP: 3/10
  1091 | D:2      | Learned a level 3 spell: Conjure Flame
  1246 | D:2      | Reached skill level 4 in Spellcasting
  1311 | D:2      | Reached XP level 4. HP: 20/24 MP: 3/12
  2230 | D:3      | Noticed an ice beast
  2245 | D:3      | Killed an ice beast
  2245 | D:3      | Reached skill level 5 in Spellcasting
  2245 | D:3      | Reached XP level 5. HP: 28/28 MP: 5/14
  2311 | D:3      | Learned a level 4 spell: Sticky Flame
  2441 | D:3      | Found a runed translucent door.
  2442 | D:3      | Noticed Crazy Yiuf
  3483 | D:3      | Reached XP level 6. HP: 28/32 MP: 12/16
  3598 | D:4      | Reached skill level 5 in Fire Magic
  3640 | D:4      | Learned a level 5 spell: Fireball
  3695 | D:4      | Noticed Duvessa
  3698 | D:4      | Noticed Dowan
  3783 | D:5      | Entered Level 5 of the Dungeon
  3783 | D:5      | Noticed Menkaure
  3783 | D:5      | Noticed Pikel
  3783 | D:5      | Noticed a slave
  3783 | D:5      | Noticed a slave
  3783 | D:5      | Noticed a slave
  3794 | D:5      | Noticed Eustachio
  3794 | D:5      | Noticed a slave
  3799 | D:5      | Killed Eustachio
  3800 | D:5      | Noticed Ijyb
  3806 | D:4      | Killed a slave
  4014 | D:4      | Killed Duvessa
  4014 | D:4      | Reached skill level 6 in Spellcasting
  4014 | D:4      | Reached XP level 7. HP: 37/37 MP: 3/18
  4148 | D:4      | Killed Dowan
  4393 | D:4      | Found a snail-covered altar of Cheibriados.
  4436 | D:4      | Found a shadowy altar of Dithmenos.
  4521 | D:4      | Noticed Edmund
  4541 | D:4      | Killed Edmund
  4931 | D:4      | Reached skill level 7 in Spellcasting
  5024 | D:5      | Killed Pikel
  5024 | D:5      | Reached skill level 1 in Fighting
  5024 | D:5      | Reached skill level 8 in Spellcasting
  5024 | D:5      | Reached skill level 5 in Conjurations
  5024 | D:5      | Reached XP level 8. HP: 43/43 MP: 4/22
  5174 | D:5      | Found a staircase to the Ecumenical Temple.
  5182 | Temple   | Entered the Ecumenical Temple
  5212 | Temple   | Became a worshipper of Vehumet
  5257 | D:5      | Killed Menkaure
  5269 | D:5      | Killed Ijyb
  5495 | D:5      | Reached skill level 9 in Spellcasting
  6223 | D:6      | Reached XP level 9. HP: 47/47 MP: 11/24
  6621 | D:6      | Found Inilliga's Gadget Boutique.
  6649 | D:6      | Found Peed's Assorted Antiques.
  6910 | D:6      | Found Restre Rely's Distillery.
  6994 | D:6      | Bought a potion of lignification for 30 gold pieces
  6994 | D:6      | Bought a potion of ambrosia for 80 gold pieces
  6994 | D:6      | Bought a potion of flight for 30 gold pieces
  6994 | D:6      | Bought a potion of curing for 30 gold pieces
  7145 | D:6      | Reached * piety under Vehumet
  7145 | D:6      | Offered knowledge of Sandblast by Vehumet.
  7178 | D:6      | Reached skill level 10 in Spellcasting
  7187 | D:6      | Found Samnit's Magic Scroll Shop.
  7190 | D:6      | Bought a scroll of identify for 30 gold pieces
  7190 | D:6      | Bought a scroll of remove curse for 45 gold pieces
  7190 | D:6      | Bought a scroll of teleportation for 45 gold pieces
  8541 | D:7      | Reached skill level 5 in Dodging
  8548 | D:7      | Reached skill level 11 in Spellcasting
  8639 | D:7      | Found an ancient bone altar of Kikubaaqudgha.
  8811 | D:7      | Reached XP level 10. HP: 52/52 MP: 20/27
  8953 | D:8      | Found an opulent altar of Gozag.
  9175 | D:8      | Found a transporter.
  9177 | D:8      | Noticed Grum
  9192 | D:8      | Reached skill level 1 in Evocations
  9194 | D:8      | HP: 2/52 [bullfrog (9)]
  9200 | D:8      | Killed Grum
  9734 | D:8      | Noticed Psyche
  9802 | D:8      | Offered knowledge of Sting by Vehumet.
  9805 | D:8      | Learned a level 1 spell: Sting
  9806 | D:8      | Killed Psyche
  9857 | D:8      | Reached ** piety under Vehumet
  9889 | D:8      | Found a basalt altar of Yredelemnul.
  9891 | D:8      | Noticed a five-headed hydra
  9903 | D:8      | Found a transporter.
  9921 | D:8      | Noticed Joseph
 10088 | D:8      | Noticed Prince Ribbit
 10105 | D:8      | Killed Prince Ribbit
 10173 | D:8      | Found a hazy altar of Hepliaklqana.
 10174 | D:8      | Found a sacrificial altar of Ru.
 10175 | D:8      | Found a hide-covered altar of Uskayaw.
 10496 | D:9      | Noticed Erica
 10551 | D:9      | Killed Erica
 10551 | D:9      | Reached skill level 12 in Spellcasting
 10907 | D:9      | Reached skill level 10 in Fire Magic
 10915 | D:9      | Noticed Maurice
 10929 | D:9      | Noticed Harold
 10957 | D:9      | Noticed a two-headed ogre
 10962 | D:9      | HP: 1/52 [two-headed ogre/+0 giant club (5)]
 10963 | D:9      | Mangled by an orc warrior

Skill      XL: |  1  2  3  4  5  6  7  8  9 10 |
---------------+-------------------------------+-----
Fire Magic     | 4 5 6 7 9 10 | 10.0
Spellcasting   | 4 5 6 8 9 11 12 | 12.0
Conjurations   | 2 3 4 5 6 8 9 |  9.3
Stealth        | 3 4 |  4.4
Dodging        | 3 5 7 |  7.2
Fighting       | 1 |  1.3
Evocations     | 3 |  3.6
Short Blades   | |  0.3

Action                   |  1- 3 |  4- 6 |  7- 9 | 10-12 || total
-------------------------+-------+-------+-------+-------++-------
Melee: Dagger            |       |       |    30 |     6 ||    36
 Cast: Flame Tongue      |    59 |   129 |   178 |   127 ||   493
       Throw Flame       |     4 |     2 |    38 |    14 ||    58
       Conjure Flame     |       |     3 |     3 |     9 ||    15
       Sticky Flame      |       |     2 |    15 |    15 ||    32
       Fireball          |       |       |    10 |     9 ||    19
       Sting             |       |       |       |     7 ||     7
  Use: Potion            |       |       |       |     3 ||     3
       Scroll            |       |       |       |     1 ||     1
  Eat: Chunk             |     1 |     9 |    10 |     7 ||    27
       Ration            |       |       |     2 |       ||     2
Armor: Robe              |     5 |     5 |     5 |     2 ||    17
       Leather armour    |       |       |       |     4 ||     4
Dodge: Dodged            |    14 |    54 |    59 |    36 ||   163
